 Dungeon Crawl Stone Soup version 0.20.0-15-g7f486f2 (webtiles) character file.

18002 Chiseanne the Tainter (level 12, 0/103 HPs)
             Began as a Ghoul Venom Mage on June 17, 2017.
             Was a High Priest of Dithmenos.
             Slain by a seven-headed hydra (14 damage)
             ... on level 4 of the Lair of Beasts.
             The game lasted 01:46:35 (16686 turns).

Chiseanne the Tainter (Ghoul Venom Mage)           Turns: 16686, Time: 01:46:36

Health: 0/103      AC:  9    Str: 16    XL:     12   Next: 53%
Magic:  23/23      EV: 16    Int: 14    God:    Dithmenos [*****.]
Gold:   850        SH:  0    Dex:  9    Spells: 15/28 levels left

rFire    . . .     SeeInvis .   e - +4 long sword (freeze) (curse)
rCold    + + .     Gourm    .   (no shield)
rNeg     + + +     Faith    .   K - +2 leather armour {rC+}
rPois    ∞         Spirit   .   r - +0 helmet
rElec    .         Reflect  .   X - +0 cloak {MR+}
rCorr    .         Harm     .   (no gloves)
MR       +....                  q - +0 pair of boots
Stlth    ++........             (no amulet)
Regen    0.0/turn               i - +3 ring of strength
MPRegen  0.2/turn               I - +3 ring of evasion

@: about to teleport, rotting, wreathed by umbra
A: rotting body, claws 1, carnivore 3, cold resistance 1, negative energy
resistance 3, inhibited regeneration, torment resistance, unbreathing
a: Shadow Step, Shadow Form, Renounce Religion


You were on level 4 of the Lair of Beasts.
You worshipped Dithmenos.
Dithmenos was extremely pleased with you.
You were not hungry.

You visited 2 branches of the dungeon, and saw 15 of its levels.
You also visited: Sewer.

You collected 850 gold pieces.

Inventory:

Hand Weapons
 a - a +2 whip of venom
 e - a cursed +4 long sword of freezing (weapon)
 s - a +2 dire flail of draining
 J - a +0 blowgun
 L - a +1 hunting sling of freezing
 U - a +1 dire flail of protection
 V - a +3 great sword of slicing
Missiles
 h - 192 bolts
 k - 6 javelins (quivered)
 n - 51 poisoned needles
 p - 68 sling bullets
 v - 3 poisoned javelins
 D - 8 curare-tipped needles
Armour
 j - a +0 shield
 q - a +0 pair of boots (worn)
 r - a +0 helmet (worn)
 x - the +2 chain mail of Truth {rN+ Int-3 SInv}
   (You found it on level 6 of the Dungeon)

   It affects your intelligence (-3).
   It protects you from negative energy.
   It lets you see invisible.
 z - a +0 ring mail of poison resistance
 C - a +0 large shield
 K - a +2 leather armour of cold resistance (worn)
 W - a +0 ring mail of cold resistance
 X - a +0 cloak of magic resistance (worn)
Magical Staves
 g - an uncursed staff of power {unknown}
 Y - an uncursed staff of power {unknown}
Jewellery
 i - a +3 ring of strength (left claw)
 m - an uncursed amulet of guardian spirit {unknown}
 I - a +3 ring of evasion (right claw)
 O - an uncursed ring of resist corrosion
 P - the amulet "Keci" {Reflect -Tele rC+ Str+4 Slay+3 SH+4}
   (You found it on level 6 of the Dungeon)

   [amulet of reflection]

   It shields you and reflects attacks.
   It affects your strength (+4).
   It affects your accuracy and damage with ranged weapons and melee attacks
   (+3).
   It protects you from cold.
   It prevents most forms of teleportation.
   It affects your SH (+4).
 Z - an uncursed ring of protection from fire {unknown}
Wands
 E - a wand of lightning (10/15)
Scrolls
 o - 2 scrolls of teleportation
 y - a scroll of recharging
 F - a scroll of amnesia
 N - a scroll of fear
 S - 5 scrolls of fog
Potions
 d - a potion of agility
 f - 4 potions of curing
 t - 3 potions of magic
 A - 3 potions of brilliance
 G - 2 potions of mutation {unknown}
 H - a potion of heal wounds
 R - a potion of lignification {unknown}
 T - 2 potions of flight {unknown}
Books
 b - a Young Poisoner's Handbook

   Spells                             Type                      Level
   a - Sting                          Conjuration/Poison           1
   b - Poisonous Vapours              Poison/Air                   2
   c - Mephitic Cloud                 Conjuration/Poison/Air       3
   d - Olgreb's Toxic Radiance        Poison                       4
   e - Venom Bolt                     Conjuration/Poison           5
 l - a book of Maledictions

   Spells                             Type                      Level
   a - Corona                         Hexes                        1
   b - Ensorcelled Hibernation        Hexes/Ice                    2
   c - Confuse                        Hexes                        3
   d - Tukima's Dance                 Hexes                        3
   e - Dazzling Spray                 Conjuration/Hexes            3
 B - a book of Minor Magic

   Spells                             Type                      Level
   a - Magic Dart                     Conjuration                  1
   b - Blink                          Translocation                2
   c - Call Imp                       Summoning                    2
   d - Slow                           Hexes                        2
   e - Conjure Flame                  Conjuration/Fire             3
   f - Mephitic Cloud                 Conjuration/Poison/Air       3
 M - a book of Necromancy

   Spells                             Type                      Level
   a - Pain                           Necromancy                   1
   b - Animate Skeleton               Necromancy                   1
   c - Vampiric Draining              Necromancy                   3
   d - Regeneration                   Charms/Necromancy            3
   e - Animate Dead                   Necromancy                   4
   f - Control Undead                 Necromancy                   4
 Q - a book of Debilitation

   Spells                             Type                      Level
   a - Corona                         Hexes                        1
   b - Slow                           Hexes                        2
   c - Inner Flame                    Hexes/Fire                   3
   d - Portal Projectile              Hexes/Translocation          3
   e - Cause Fear                     Hexes                        4
   f - Leda's Liquefaction            Hexes/Earth                  4
Comestibles
 c - 3 meat rations
 u - 4 royal jellies
 w - 12 chunks of flesh


   Skills:
 * Level 8.6 Fighting
 - Level 5.2 Armour
 - Level 4.1 Dodging
 - Level 2.1 Stealth
 * Level 8.6 Spellcasting
 * Level 5.4 Conjurations
 * Level 5.5 Translocations
 - Level 5.9 Air Magic
 - Level 9.0 Poison Magic


You had 15 spell levels left.
You knew the following spells:

 Your Spells              Type           Power        Failure   Level  Hunger
a - Magic Dart            Conj           ###.         1%          1    None
b - Poisonous Vapours     Pois/Air       ####..       1%          2    None
c - Mephitic Cloud        Conj/Pois/Air  ####....     2%          3    ##.....
d - Olgreb's Toxic Radia  Pois           ####....     3%          4    ####...
e - Blink                 Tloc           N/A          2%          2    None
f - Animate Skeleton      Necr           N/A          14%         1    None


Dungeon Overview and Level Annotations

Branches:
Dungeon (11/15)            Temple (0/1) D:6            Lair (4/6) D:9
 Shoals (0/4) Lair:4       Spider (0/4) Lair:3
    Orc: D:9-12

Altars:
Dithmenos
Gozag
Nemelex Xobeh
Xom

Shops:
D:10 }*

Annotations:
D:3 Glitchraptor's ghost, amateur HOMo
D:5 letownia's ghost, novice VSFi
D:8 exclusion: upstairs


Innate Abilities, Weirdness & Mutations

Your body is rotting away.
You thrive on raw meat.
You are immune to poison.
You have sharp fingernails.
You are carnivorous and can eat meat at any time.
Your flesh is cold resistant. (rC+)
You are immune to negative energy. (rN+++)
You do not regenerate when monsters are visible.
You are immune to unholy pain and torment.
You can survive without breathing.


Message History

As you read the scroll of fear, it crumbles to dust.
You assume a fearsome visage.
The dream sheep looks frightened!
The dream sheep is struck with panic!
The seven-headed hydra looks frightened!
Your rime drake skeleton is unaffected.
Your yak skeleton is unaffected.
Your rime drake skeleton bites the seven-headed hydra.
The seven-headed hydra bites your yak skeleton!
The seven-headed hydra bites your yak skeleton. x2
The seven-headed hydra bites your yak skeleton!!
Your yak skeleton is destroyed!
The seven-headed hydra bites you but does no damage.
The seven-headed hydra bites you!
* * * LOW HITPOINT WARNING * * *
The seven-headed hydra closely misses you.
As you read the scroll of teleportation, it crumbles to dust.
You feel strangely unstable.
Your rime drake skeleton bites the seven-headed hydra.
Your rime drake skeleton's attack snaps the seven-headed hydra out of its fear.
The seven-headed hydra misses you. The seven-headed hydra bites you!
You die...

#.......#....%..
#...............
##..##≈..#.#....#
#P..###.....#.P##
###P..#
#..#..####
#Y##..###..#.##
#..#..≈##..#..
#..##......#
#.@#.#.....#
###DZ.#....#
#.l.#######
#.$#...#
####...(# #####


You could see a seven-headed hydra, a komodo dragon, a dream sheep (fleeing) and
a friendly rime drake skeleton.

Vanquished Creatures
  Snorg (Lair:3)
  2 two-headed ogres (D:9)
  Urug (Lair:2)
  Pikel (D:8)
  2 black mambas (Lair:2)
  A torpor snail (Lair:2)
  5 spiny frogs
  2 komodo dragons
  A polar bear (Lair:3)
  A troll (D:10)
  A hornet (Lair:3)
  5 hippogriffs
  A wyvern (D:10)
  A spriggan (D:7)
  14 yaks
  Edmund (D:4)
  4 water moccasins
  4 orc warriors
  6 porcupines
  2 ice beasts
  2 sky beasts
  4 slaves (D:8)
  A black bear (D:8)
  6 ogres
  3 phantoms
  A centaur (D:9)
  9 wolves
  7 crocodiles
  2 big kobolds (Sewer)
  Blork the orc (D:4)
  12 bullfrogs
  A wyvern skeleton (D:9)
  2 scorpions
  5 wights (D:8)
  7 howler monkeys
  5 crimson imps
  A jelly (D:7)
  5 hounds
  2 quasits
  A centaur skeleton (D:3)
  9 orc priests
  10 orc wizards
  2 iguanas
  6 worker ants
  A hound zombie (D:5)
  A hound skeleton (D:8)
  4 gnolls (D:3)
  19 adders
  2 river rats (Sewer)
  2 shadow imps (D:6)
  8 oozes
  2 adder skeletons
  3 dart slugs
  9 worms
  7 leopard geckos
  44 orcs
  6 ball pythons
  10 giant cockroaches
  12 goblins
  15 hobgoblins
  12 jackals
  18 kobolds
  4 quokkas
  13 bats
  4 frilled lizards
  A leopard gecko skeleton (D:6)
  A quokka skeleton (D:8)
  A quokka zombie (D:6)
  18 rats
  A fungus (Lair:2)
378 creatures vanquished.

Vanquished Creatures (collateral kills)
  2 spiny frogs
  A rime drake (Lair:4)
  A hippogriff (Lair:3)
  3 yaks (Lair:4)
  A water moccasin (Lair:3)
  A porcupine (Lair:4)
  3 wolves (Lair:2)
  A bullfrog (Lair:2)
  A scorpion (Lair:3)
  2 fungi
  A plant (Lair:3)
17 creatures vanquished.

Vanquished Creatures (others)
  2 fungi
  A plant (Lair:1)
3 creatures vanquished.

Grand Total: 398 creatures vanquished

Notes
Turn   | Place    | Note
-------+----------+-------------------------------------------
     0 | D:1      | Chiseanne the Ghoul Venom Mage began the quest for the Orb.
     0 | D:1      | Reached XP level 1. HP: 14/14 MP: 2/2
   261 | D:1      | Reached XP level 2. HP: 12/22 MP: 4/4
   474 | D:1      | Reached skill level 1 in Fighting
   613 | D:1      | Learned a level 2 spell: Poisonous Vapours
  1137 | D:1      | Reached XP level 3. HP: 21/28 MP: 1/5
  1187 | D:1      | Learned a level 3 spell: Mephitic Cloud
  2222 | D:2      | Reached skill level 1 in Air Magic
  2379 | D:2      | Reached XP level 4. HP: 35/35 MP: 4/6
  3138 | D:3      | Noticed Glitchraptor's ghost (amateur HOMo)
  3277 | D:3      | Reached XP level 5. HP: 41/41 MP: 1/7
  3838 | D:4      | Noticed an ogre
  3866 | D:4      | Killed an ogre
  3866 | D:4      | Reached skill level 4 in Poison Magic
  3866 | D:4      | Reached XP level 6. HP: 34/49 MP: 2/9
  3991 | D:4      | Noticed Blork the orc
  4010 | D:4      | Killed Blork the orc
  4103 | D:4      | Found a glowing drain.
  4116 | D:4      | Reached XP level 7. HP: 54/57 MP: 10/10
  4165 | Sewer    | Entered a sewer
  4179 | Sewer    | Learned a level 4 spell: Olgreb's Toxic Radiance
  5144 | D:4      | Found a shadowy altar of Dithmenos.
  5148 | D:4      | Became a worshipper of Dithmenos the Shadowed
  5405 | D:4      | Reached skill level 5 in Poison Magic
  5484 | D:4      | Noticed Edmund
  5643 | D:4      | Killed Edmund
  5643 | D:4      | Reached XP level 8. HP: 57/66 MP: 1/12
  5895 | D:3      | Learned a level 1 spell: Magic Dart
  6196 | D:3      | Reached * piety under Dithmenos
  6375 | D:3      | Learned a level 2 spell: Blink
  6438 | D:3      | Found a sparkling altar of Nemelex Xobeh.
  6505 | D:5      | Entered Level 5 of the Dungeon
  6513 | D:5      | Noticed letownia's ghost (novice VSFi)
  7515 | D:6      | Found a staircase to the Ecumenical Temple.
  7696 | D:6      | Reached skill level 6 in Poison Magic
  7844 | D:6      | Got a pitted chain mail
  7861 | D:6      | Identified the +2 chain mail of Truth {rN+ Int-3 SInv} (You found it on level 6 of the Dungeon)
  7956 | D:6      | Reached skill level 1 in Armour
  7958 | D:6      | Reached ** piety under Dithmenos
  7969 | D:6      | Got a warped zirconium amulet
  7974 | D:6      | Identified the amulet "Keci" {Reflect -Tele rC+ Str+4 Slay+3 SH+4} (You found it on level 6 of the Dungeon)
  8183 | D:7      | Reached XP level 9. HP: 72/72 MP: 2/14
  8189 | D:7      | Reached skill level 5 in Fighting
  8543 | D:7      | Reached skill level 5 in Spellcasting
  8992 | D:7      | Found an opulent altar of Gozag.
  9161 | D:7      | You fall through a shaft for 3 floors!
  9161 | D:10     | Entered Level 10 of the Dungeon
  9294 | D:10     | Found Ruel Vugh's Changing Room.
  9304 | D:10     | Noticed a troll
  9333 | D:10     | Killed a troll
  9333 | D:10     | Reached skill level 7 in Poison Magic
  9547 | D:10     | Got a warped chain mail
  9751 | D:9      | Reached skill level 5 in Air Magic
  9936 | D:9      | Reached XP level 10. HP: 67/81 MP: 5/17
  9993 | D:9      | Found a staircase to the Lair.
 10025 | D:8      | Noticed Pikel
 10044 | D:8      | Reached *** piety under Dithmenos
 10046 | D:8      | Killed Pikel
 10407 | D:8      | Identified the cursed +0 chain mail of Greed {rPois rC+} (You found it on level 10 of the Dungeon)
 10443 | D:7      | Found a shimmering altar of Xom.
 10743 | D:8      | Reached skill level 8 in Poison Magic
 11315 | D:7      | Reached skill level 1 in Conjurations
 11780 | D:9      | Reached **** piety under Dithmenos
 11875 | D:9      | Noticed a two-headed ogre
 11887 | D:9      | Killed a two-headed ogre
 11887 | D:9      | Reached skill level 5 in Armour
 12088 | D:9      | Learned a level 1 spell: Animate Skeleton
 12302 | D:9      | Noticed a two-headed ogre
 12321 | D:9      | Killed a two-headed ogre
 12321 | D:9      | Reached skill level 1 in Translocations
 12321 | D:9      | Reached XP level 11. HP: 63/87 MP: 5/20
 12681 | D:10     | Found Dufat's Gadget Shop.
 13253 | Lair:1   | Entered Level 1 of the Lair of Beasts
 13307 | Lair:1   | Identified a scroll of acquirement
 13738 | Lair:2   | Noticed Urug
 13757 | Lair:2   | Killed Urug
 13757 | Lair:2   | Reached skill level 9 in Poison Magic
 15182 | Lair:2   | Reached XP level 12. HP: 72/100 MP: 17/22
 15476 | Lair:3   | Noticed Snorg
 15611 | Lair:3   | Reached ***** piety under Dithmenos
 15612 | Lair:3   | Found a hole to the Spider Nest.
 15801 | Lair:3   | Got a shimmering dagger
 15903 | Lair:3   | Killed Snorg
 15903 | Lair:3   | Reached skill level 5 in Conjurations
 15904 | Lair:3   | Reached skill level 5 in Translocations
 15912 | Lair:3   | Identified the cursed +2 dagger of Qecog {elec, *Drain +Rage Dex+5} (You found it on level 3 of the Lair of Beasts)
 16603 | Lair:4   | Found a staircase to the Shoals.
 16676 | Lair:4   | Noticed a seven-headed hydra
 16686 | Lair:4   | Slain by a seven-headed hydra

Skill      XL: |  1  2  3  4  5  6  7  8  9 10 11 12 |
---------------+-------------------------------------+-----
Spellcasting   | 2 3 4 5 6 7 8 |  8.6
Fighting       | 1 2 3 4 5 7 8 |  8.6
Dodging        | 2 3 4 |  4.1
Air Magic      | 1 2 3 5 |  5.9
Poison Magic   | 4 5 6 7 8 9 |  9.0
Armour         | 1 3 5 |  5.2
Conjurations   | 2 4 5 |  5.4
Translocations | 1 4 5 |  5.5
Stealth        | |  2.1

Action                   |  1- 3 |  4- 6 |  7- 9 | 10-12 || total
-------------------------+-------+-------+-------+-------++-------
Melee: Unarmed           |   103 |       |       |       ||   103
       Spear             |     4 |    31 |       |       ||    35
       Whip              |       |   117 |   328 |    77 ||   522
       Dire flail        |       |       |    29 |    37 ||    66
       Long sword        |       |       |       |   320 ||   320
Throw: Stone             |     2 |       |       |     1 ||     3
       Tomahawk          |       |       |       |     2 ||     2
       Javelin           |       |       |       |     4 ||     4
 Cast: Sting             |    77 |    63 |   110 |       ||   250
       Mephitic Cloud    |       |     3 |    21 |    28 ||    52
       Magic Dart        |       |       |    80 |    34 ||   114
       Olgreb's Toxic Ra |       |       |    20 |    51 ||    71
       Poisonous Vapours |       |       |     2 |    14 ||    16
       Animate Skeleton  |       |       |       |    25 ||    25
  Use: Scroll            |     3 |     2 |     9 |    19 ||    33
       Potion            |       |       |       |     7 ||     7
 Stab: Sleeping          |     1 |       |     2 |     3 ||     6
       Confused          |       |     2 |     1 |     5 ||     8
  Eat: Chunk             |    20 |    31 |    72 |   117 ||   240
Armor: Robe              |    24 |    30 |    48 |       ||   102
       Leather armour    |       |       |    35 |   125 ||   160
Dodge: Dodged            |    87 |   111 |   278 |   425 ||   901
Block: Other             |       |       |    17 |    83 ||   100
       Rpst.: Long sword |       |       |       |    97 ||    97
